 Dungeon Crawl Stone Soup version 0.29-a0-334-gb41bcbb86e (webtiles) character file.

Game seed: 14408788116685725463

12370 HendSelp the Unseen (level 11, -2/72 HPs)
             Began as a Vampire Brigand on Apr 14, 2022.
             Was a Follower of Dithmenos.
             Slain by an ice devil (6 damage)
             ... summoned by a kobold demonologist
             ... on level 10 of the Dungeon.
             The game lasted 00:23:37 (11879 turns).

HendSelp the Unseen (Vampire Brigand)              Turns: 11879, Time: 00:23:38

Health: -2/72      AC:  9    Str: 10    XL:     11   Next: 61%
Magic:  11/11      EV: 19    Int: 15    God:    Dithmenos [*.....]
Gold:   783        SH:  0    Dex: 19    Spells: 10/10 levels left

rFire   + . .      SeeInvis +   r - +1 dagger (speed)
rCold   + . .      Faith    .   (no shield)
rNeg    . . .      Spirit   .   p - +0 robe {rC+}
rPois   +          Reflect  .   k - +0 helmet
rElec   .          Harm     .   c - +0 cloak
rCorr   .          Rampage  .   n - +2 pair of gloves
Will    +....                   l - +1 pair of boots
Stlth   +++++++++.              y - amulet of the acrobat
HPRegen 0.42/turn               g - ring of protection from fire
MPRegen 0.12/turn               a - ring of poison resistance

@: spiked, attractive, healing quickly, wreathed by umbra, studying Shields
A: alive, fangs 3, see invisible, vampiric 2
a: Exsanguinate, Renounce Religion


You were on level 10 of the Dungeon.
You worshipped Dithmenos.
Dithmenos was aware of your devotion.
You visited 2 branches of the dungeon, and saw 11 of its levels.
You also visited: Bailey.

You collected 783 gold pieces.

Inventory:

Hand Weapons
 r - a +1 dagger of speed (weapon)
Missiles
 d - 21 poisoned darts
 e - a curare-tipped dart (quivered)
 t - 2 throwing nets
Armour
 c - a +0 cloak (worn)
 k - a +0 helmet (worn)
 l - a +1 pair of boots (worn)
 n - a +2 pair of gloves (worn)
 p - a +0 robe of cold resistance (worn)
Jewellery
 a - a ring of poison resistance (right hand)
 g - a ring of protection from fire (left hand)
 j - a ring of positive energy
 y - an amulet of the acrobat (around neck)
Wands
 i - a wand of flame (26)
 w - a wand of mindburst (11)
 x - a wand of digging (3)
Scrolls
 u - 3 scrolls of fog
Potions
 b - a potion of might
 f - 3 potions of ambrosia
 h - 7 potions of mutation
 m - a potion of magic {unknown}
 o - a potion of brilliance
 s - 2 potions of heal wounds
 v - a potion of attraction
 z - a potion of cancellation {unknown}
 B - a potion of degeneration {unknown}


   Skills:
 - Level 1.7 Fighting
 + Level 10.5 Short Blades
 - Level 1.5 Throwing
 + Level 10.5 Dodging
 + Level 20.4 Stealth


You had 10 spell levels left.
You didn't know any spells.
Your spell library contained the following spells:

 Spells                   Type           Power      Damage    Failure   Level
 Freeze                   Ice            0%         1d3       26%         1
 Pain                     Necr           0%         1d4       26%         1
 Summon Small Mammal      Summ           0%         N/A       26%         1
 Call Canine Familiar     Summ           0%         N/A       63%         3
 Frozen Ramparts          Ice            0%         1d2       63%         3
 Portal Projectile        Hex/Tloc       0%         N/A       63%         3
 Summon Guardian Golem    Hex/Summ       0%         N/A       63%         3
 Hailstorm                Conj/Ice       0%         3d3       95%         4
 Blade Hands              Tmut           0%         N/A       100%        5
 Excruciating Wounds      Necr           0%         N/A       100%        5
 Freezing Cloud           Conj/Ice/Air   0%         6-21      100%        5
 Chain Lightning          Conj/Air       0%         N/A       100%        9


Dungeon Overview and Level Annotations

Branches:
Dungeon (10/15)            Temple (1/1) D:5            Lair (0/6) D:10
 Bailey (visited)
    Orc: D:9-12

Altars:
Ashenzari
Cheibriados
Dithmenos
Elyvilon
Fedhas
Gozag
Hepliaklqana
Kikubaaqudgha
Makhleb
Nemelex Xobeh
Okawaru
Qazlal
Ru
Sif Muna
Trog
Uskayaw
Vehumet
Wu Jian
Xom
Yredelemnul
Zin
The Shining One

Shops:
D:1 ?   D:4 *   D:5 *

Annotations:
D:3 Grinder


Innate Abilities, Weirdness & Mutations

Your natural rate of healing is accelerated.
You have razor-sharp teeth.
You have supernaturally acute eyesight. (SInv)
You are afflicted with vampirism and can become a bat while bloodless.


Message History

You bite the kobold demonologist, but do no damage.
The kobold demonologist is almost dead.
The kobold brigand hits you with a +1 dagger of venom.
You are poisoned.
The kobold demonologist gestures wildly while chanting.
The ice devil barely misses you.
The ufetubus hits you but does no damage.
The ufetubus barely misses you.
The chaos spawn is attracted toward you.
You feel better.
The red devil hits you from afar with a +2 demon trident of flaming.
Barbed spikes become lodged in your body.
The red devil burns you.
The kobold demonologist gestures wildly while chanting.
The kobold brigand misses you. The ufetubus misses you. x2
The ice devil hits you. The ice devil freezes you! You resist.
* * * LOW HITPOINT WARNING * * *
Throw: 2 darts (curare)
Press: ? - help, Q - select action, (/) - cycle Shift-Dir - straight line, f/p - kobold demonologist
Aim: a kobold demonologist, wielding a +0 dagger and wearing a +0 robe (almost dead, poisoned, slow, umbra, 50% to hit)
You throw a curare-tipped dart.
The curare-tipped dart misses the kobold demonologist.
The curare-tipped dart hits the quasit.
The kobold brigand hits you with a +1 dagger of venom.
* * * LOW HITPOINT WARNING * * *
The ufetubus completely misses you.
The ufetubus hits you but does no damage.
The kobold demonologist miscasts a cantrip.
The red devil hits you from afar with a +2 demon trident of flaming.
* * * LOW HITPOINT WARNING * * *
Barbed spikes become lodged in your body.
The kobold demonologist miscasts a cantrip.
The kobold brigand hits you with a +1 dagger of venom.
* * * LOW HITPOINT WARNING * * *
The ufetubus closely misses you.
The ufetubus hits you but does no damage.
The ice devil hits you.
* * * LOW HITPOINT WARNING * * *
The ice devil freezes you. You resist.
You die...

..... .. # .... ...
#..... .... #....#
#.... #...K.#.....
##.4#K#5#...#
##..5KKKK.....
#..#.#@#K#.#.#
#.....544ยง....
#.#...#.....#.
#.....#.....#
#.....#.....#
#.....#.....#
#.....#######...
#...............####
#..................#


You could see an ice devil (summoned), 2 kobold demonologists, a chaos spawn
(summoned), a red devil (summoned), 3 kobold brigands, a quasit (summoned), a
shadow imp (summoned), an ufetubus (summoned) and a kobold.

Vanquished Creatures
  An orc warlord (Bailey)
  A two-headed ogre (D:10)
  Maggie (D:8)
  A troll (D:10)
  2 hornets
  A shadow (D:9)
  2 wyverns
  4 yaks (D:8)
  A steam dragon (D:7)
  An acid dragon (D:9)
  3 water moccasins
  An ice beast (D:7)
  7 orc warriors
  A sky beast (D:7)
  3 centaurs (D:8)
  2 ogres
  5 kobold brigands
  4 bullfrogs
  A necrophage (D:5)
  A gnoll sergeant (D:10)
  3 scorpions
  2 howler monkeys
  2 hounds
  3 jellies
  6 orc priests
  3 gnoll shamans
  4 iguanas
  8 orc wizards
  8 adders
  21 gnolls
  A shadow imp (D:6)
  2 white imps
  An ufetubus (D:3)
  6 dart slugs
  49 orcs
  5 endoplasms
  4 giant cockroaches
  18 goblins
  14 hobgoblins
  3 jackals (D:2)
  6 quokkas
  4 ball pythons
  4 bats
  4 frilled lizards
  36 kobolds
  4 rats
264 creatures vanquished.

Vanquished Creatures (others)
  An orc (D:8)
  6 plants
7 creatures vanquished.

Grand Total: 271 creatures vanquished

Notes
Turn   | Place    | Note
-------+----------+-------------------------------------------
     0 | D:1      | HendSelp the Vampire Brigand began the quest for the Orb.
     0 | D:1      | Reached XP level 1. HP: 16/16 MP: 1/1
     1 | D:1      | Noticed an electric eel
    24 | D:1      | Reached skill level 6 in Stealth
   207 | D:1      | Reached XP level 2. HP: 16/19 MP: 2/2
   457 | D:1      | Found Qieh's Magic Scroll Shoppe.
   481 | D:1      | Reached skill level 7 in Stealth
   533 | D:1      | Found a faded altar of an unknown god.
   543 | D:1      | You fall into a shaft and drop 1 floor!
   729 | D:2      | Gained mutation: You are afflicted with vampirism and can
                  | become a bat while bloodless. [Vampire growth]
   729 | D:2      | Reached XP level 3. HP: 24/24 MP: 3/3
  1200 | D:2      | Reached XP level 4. HP: 27/29 MP: 4/4
  2008 | D:3      | Reached skill level 8 in Stealth
  2222 | D:3      | Reached XP level 5. HP: 14/38 MP: 5/5
  2508 | D:3      | Found a broken altar of Ashenzari.
  2633 | D:3      | Found an opulent altar of Gozag.
  2787 | D:3      | Noticed Grinder
  3401 | D:4      | Found Fuejuac's Mass Market.
  3425 | D:4      | Reached XP level 6. HP: 25/44 MP: 6/6
  3535 | D:4      | Reached skill level 9 in Stealth
  3643 | D:4      | Found a sparkling altar of Nemelex Xobeh.
  4275 | D:5      | Entered Level 5 of the Dungeon
  4417 | D:5      | Found a staircase to the Ecumenical Temple.
  4455 | Temple   | Entered the Ecumenical Temple
  4670 | D:5      | Found Tuat's Gadget Gallery.
  4746 | D:5      | Reached skill level 5 in Short Blades
  4746 | D:5      | Reached XP level 7. HP: 44/49 MP: 7/7
  5458 | D:5      | Found a hazy altar of Hepliaklqana.
  5525 | D:5      | Reached skill level 10 in Stealth
  5958 | D:5      | Reached skill level 5 in Dodging
  6288 | D:6      | Reached XP level 8. HP: 35/55 MP: 8/8
  7037 | D:7      | Reached skill level 11 in Stealth
  7065 | D:7      | Identified the +11 scale mail "Qoysekop" {Regen+ Str-5
                  | Dex+3}
  7263 | D:7      | Reached XP level 9. HP: 61/61 MP: 9/9
  7458 | D:7      | Reached skill level 12 in Stealth
  7799 | D:8      | Got the Handbook of Beyond
  7849 | D:8      | Found a shadowy altar of Dithmenos.
  7856 | D:8      | Became a worshipper of Dithmenos the Shadowed
  7864 | D:8      | Noticed Maggie
  8436 | D:8      | Reached skill level 13 in Stealth
  8589 | D:8      | Killed Maggie
  9460 | D:8      | Reached XP level 10. HP: 33/67 MP: 10/10
  9608 | D:9      | Found a flagged portal.
  9617 | Bailey   | Entered a bailey
  9622 | Bailey   | Noticed an orc warlord
  9741 | Bailey   | Reached skill level 14 in Stealth
  9746 | Bailey   | Reached * piety under Dithmenos
  9917 | Bailey   | Found a runed translucent gate.
  9918 | Bailey   | Found a runed translucent gate.
  9919 | Bailey   | Found a runed translucent gate.
 10169 | Bailey   | Killed an orc warlord
 10170 | Bailey   | Reached skill level 10 in Short Blades
 10238 | D:9      | Reached skill level 19 in Stealth
 10238 | D:9      | Reached XP level 11. HP: 72/72 MP: 11/11
 10684 | D:9      | Reached skill level 20 in Stealth
 11102 | D:9      | Reached skill level 10 in Dodging
 11106 | D:9      | Found a stormy altar of Qazlal.
 11214 | D:9      | Found a radiant altar of Vehumet.
 11418 | D:10     | Entered Level 10 of the Dungeon
 11600 | D:10     | Noticed a two-headed ogre
 11606 | D:10     | Killed a two-headed ogre
 11821 | D:10     | Found a staircase to the Lair.
 11879 | D:10     | Slain by an ice devil

Illustrated notes

Levels and vault maps discovered:
D:1:      arrival_aquarium_a, layout_basic, serial_shops,
          nicolae_shop_temple_entry_statues_fountains, serial_forest,
          infiniplex_forest_clump_curved, infiniplex_forest_clump_diagonal,
          infiniplex_forest_end_2, infiniplex_forest_straight_5,
          infiniplex_forest_end_1, infiniplex_forest_straight_2,
          basic_ecumenical_altar, minmay_crystal_room, minivault_27
D:2:      minmay_skewed_foursquare, layout_basic, kennysheep_decorative_pillar
D:3:      cheibrodos_greedy_goblins, layout_loops_ring,
          mainiacjoe_overflow_boulevard, grunt_gozag_breadcrumbs, uniq_grinder
D:4:      layout_cave_pods, nemelex_diamond_rough_becter, minmay_shop_mass
D:5:      layout_basic, nicolae_hepliaklqana_hippocampus,
          minmay_temple_entry_antechambers, nicolae_shop_gadgets
D:6:      minmay_evil_eye, layout_rooms
D:7:      layout_loops_ring
D:8:      layout_layer_cave, nicolae_dithmenos_the_darkroom, uniq_maggie
D:9:      layout_rooms, amcnicky_altar_gilded, grunt_qazlal_clouds,
          vehumet_altar_wand_db, enter_bailey_1
D:10:     layout_irregular_city, lair_entry_dummy, orc_0_dummy,
          hangedman_decor_riveting, billiards_dpeg, uniq_amaemon
Temple:   nicolae_temple_great_sept

Skill      XL: |  1  2  3  4  5  6  7  8  9 10 11 |
---------------+----------------------------------+-----
Stealth        | 6 7 8 9 10 11 13 19 20 | 20.4
Short Blades   | 3 4 5 6 8 9 10 | 10.5
Dodging        | 2 3 4 5 7 8 9 10 | 10.5
Fighting       | |  1.7
Throwing       | |  1.5

Action                   |  1- 3 |  4- 6 |  7- 9 | 10-12 || total
-------------------------+-------+-------+-------+-------++-------
Melee: Dagger            |   113 |   204 |   791 |   410 ||  1518
       Bite              |     9 |    20 |    99 |    61 ||   189
       Punch             |     2 |     4 |    13 |     6 ||    25
Throw: Dart              |    27 |    58 |    42 |    29 ||   156
       Throwing net      |       |       |       |     1 ||     1
 Abil: Exsanguinate      |     1 |       |       |       ||     1
       Revivify          |     1 |       |       |       ||     1
Evoke: Wand              |       |       |       |    11 ||    11
  Use: Scroll            |     2 |    10 |     9 |     6 ||    27
       Potion            |       |     1 |     9 |     8 ||    18
 Stab: Sleeping          |     8 |    14 |    21 |    11 ||    54
       Distracted        |       |       |     1 |     1 ||     2
       Held in net/web   |       |       |       |     1 ||     1
Armor: Robe              |    29 |    57 |   112 |    33 ||   231
       Skin              |       |       |    41 |       ||    41
Dodge: Dodged            |    82 |   135 |   359 |   282 ||   858

Table legend: (Time is in decaauts)
 A = Elapsed time spent in this place.
 B = Non-inter-level travel time spent in this place.
 C = Inter-level travel time spent in this place.
 D = Time resting spent in this place.
 E = Time spent auto-exploring this place.
 F = Levels seen in this place.
 G = Mean time per level.
                   A        B        C        D        E       F      G
               +--------+--------+--------+--------+--------+-----+--------+
         Total |  11135 |  10775 |    360 |   1594 |   6633 |  12 |  927.9 |
       Dungeon |  10489 |  10143 |    346 |   1510 |   6451 |  10 | 1048.9 |
        Temple |     84 |     71 |     13 |      0 |     60 |   1 |   84.0 |
        Bailey |    561 |    561 |      0 |     84 |    122 |   1 |  561.0 |
               +--------+--------+--------+--------+--------+-----+--------+

Top non-repeatable levels by time:
     D:8: 1907 daAuts
     D:5: 1543 daAuts
     D:2: 1144 daAuts
     D:3: 1142 daAuts
     D:4: 1134 daAuts
     D:6: 835 daAuts
     D:9: 809 daAuts
     D:1: 805 daAuts
     D:7: 766 daAuts
  Bailey: 561 daAuts
    D:10: 400 daAuts
  Temple: 84 daAuts
